Map: Moondance

Players

Clem - Winner!

  • Race: Terran Terran
  • Spawn Location: 12:00

Gerald

  • Race: Protoss Protoss
  • Spawn Location: 6:00

Event: DreamHack SC2 Masters 2022 Atlanta (Offline)

VOD

Have the link to the VOD?

Description

Time

  • Played on: Nov. 18, 2022, 5:20 p.m.
  • Length: 7:22

All games in this series

Show
View Real Time Build Order
Export as new Build Order

Clem Terran - Winner!

Build Orders: Reaper Expand 

Get SALT Encoding   

  12  0:00  SCV  
  13  0:13  SCV  
  14  0:17  Supply Depot  
  14  0:25  SCV  
  15  0:38  SCV  
  15  0:39  Barracks  
  16  0:43  Refinery  
  16  0:50  SCV  
  17  1:03  SCV  
  18  1:15  SCV  
  19  1:27  Reaper, Orbital Command  
  20  1:41  Command Center  
  20  1:48  Supply Depot  
  20  1:53  SCV  
  21  1:59  Marine  
  22  2:05  Factory  
  22  2:09  SCV  
  23  2:17  Marine  
  23  2:18  Bunker  
  24  2:24  SCV  
  24  2:29  Refinery  
  25  2:36  SCV  
  26  2:37  Barracks Reactor  
  26  2:48  SCV  
  27  2:55  Orbital Command  
  26  2:59  Starport  
  26  3:01  Hellion, SCV  
  29  3:13  Marine x2  
  29  3:14  SCV  
  29  3:18  Supply Depot  
  32  3:20  SCV  
  32  3:25  Widow Mine  
  32  3:26  SCV  
  36  3:30  Marine  
  36  3:33  Barracks  
  37  3:34  SCV  
  37  3:37  Medivac  
  37  3:39  SCV  
  41  3:47  SCV  
  42  3:52  SCV  
  42  3:53  Supply Depot, Factory Tech Lab  
  43  3:55  Marine  
  43  3:56  Marine  
  43  3:59  SCV  
  46  4:04  SCV  
  46  4:09  Viking  
  47  4:11  SCV  
  47  4:13  Marine x2  
  47  4:16  SCV  
  49  4:23  SCV  
  50  4:31  Factory Tech Lab, Stimpack, Marine x2  
  51  4:32  Marine  
  51  4:34  SCV  
  54  4:39  Supply Depot  
  54  4:42  SCV  
  54  4:43  Engineering Bay  
  55  4:49  Siege Tank, Marine x2  
  55  4:50  SCV  
  55  4:51  Marine  
  60  4:55  Refinery  
  60  4:58  SCV  
  61  5:01  Barracks  
  61  5:05  SCV  
  61  5:10  SCV  
  61  5:13  Marine x2  
  62  5:17  SCV, Marine  
  63  5:22  SCV, Refinery  
  63  5:26  Siege Tank  
  63  5:27  Medivac  
  69  5:29  Supply Depot, SCV  
  69  5:32  Marine  
  71  5:37  Missile Turret  
  71  5:38  SCV  
  71  5:40  Missile Turret  
  71  5:42  SCV  
  73  5:43  Marine  
  73  5:45  Marine  
  75  5:50  SCV  
  75  5:54  SCV  
  75  5:55  Marine  
  78  5:58  Supply Depot  
  78  6:01  Marine  
  78  6:02  SCV  
  82  6:04  Marauder  
  82  6:05  Factory Reactor  
  82  6:08  SCV  
  82  6:09  Supply Depot  
  83  6:14  Marine  
  80  6:18  Marauder  
  80  6:22  Marine  
  80  6:25  Marauder, Starport Reactor  
  81  6:33  Marine  
  81  6:37  Command Center  
  81  6:41  Marauder  
  81  6:44  Marine  
  81  6:45  Supply Depot  
  82  6:50  Widow Mine x2  
  82  6:52  Marauder  
  82  6:53  Marine  
  89  6:58  Supply Depot  
  88  7:01  SCV x2  
  88  7:04  Marine  
Show
View Real Time Build Order
Export as new Build Order

Gerald Protoss 

Build Orders: 1 Gate Expand, Oracle Opening 

Get SALT Encoding   

  12  0:00  Probe  
  13  0:12  Probe  
  14  0:17  Pylon  
  14  0:24  Probe (Chrono Boost)  
  15  0:36  Gateway, Probe (Chrono Boost)  
  16  0:44  Probe (Chrono Boost)  
  16  0:46  Assimilator  
  17  0:51  Probe  
  18  1:03  Probe  
  19  1:15  Probe  
  20  1:24  Cybernetics Core  
  20  1:27  Probe  
  21  1:35  Nexus  
  22  1:44  Pylon  
  22  1:45  Probe  
  22  1:54  Assimilator  
  22  1:57  Probe  
  22  2:00  Adept (Chrono Boost)  
  23  2:06  Pylon  
  25  2:10  Probe  
  26  2:22  Adept, Probe  
  29  2:34  Probe  
  29  2:35  Stargate  
  30  2:41  Warp Gate  
  30  2:46  Probe  
  30  2:48  Probe  
  32  2:58  Probe  
  33  3:00  Probe  
  33  3:01  Adept  
  36  3:06  Shield Battery  
  36  3:10  Probe  
  37  3:13  Probe  
  37  3:16  Oracle (Chrono Boost)  
  41  3:22  Probe  
  41  3:25  Probe  
  43  3:30  Pylon  
  43  3:32  Assimilator  
  43  3:34  Probe  
  43  3:38  Probe  
  45  3:41  Gateway  
  45  3:43  Oracle (Chrono Boost)  
  45  3:46  Probe  
  49  3:50  Probe  
  50  3:58  Probe  
  50  4:00  Twilight Council  
  51  4:03  Probe  
  52  4:11  Probe  
  52  4:15  Probe  
  50  4:23  Probe  
  48  4:28  Probe (Chrono Boost)  
  46  4:35  Probe (Chrono Boost)  
  46  4:40  Blink (Chrono Boost)  
  46  4:44  Probe (Chrono Boost)  
  46  4:45  Probe (Chrono Boost)  
  48  4:52  Probe (Chrono Boost)  
  50  4:55  Probe (Chrono Boost)  
  50  4:57  Stalker  
  50  4:58  Probe (Chrono Boost), Stalker  
  55  5:01  Probe (Chrono Boost)  
  55  5:02  Gateway  
  55  5:05  Probe  
  57  5:13  Probe  
  58  5:17  Probe  
  58  5:20  Nexus  
  59  5:25  Probe  
  59  5:27  Stalker  
  62  5:32  Probe, Pylon  
  59  5:37  Probe, Pylon  
  59  5:42  Forge  
  60  5:43  Gateway x2  
  60  5:46  Stalker  
  60  5:47  Pylon  
  63  5:50  Probe x2  
  64  5:57  Stalker  
  64  5:58  Stalker  
  64  6:02  Probe  
  69  6:06  Pylon  
  69  6:21  Stalker x3  
  67  6:38  Nexus  
  67  6:39  Stalker x2  
  67  6:44  Stalker  
  67  6:45  Stalker  
  70  6:48  Probe x2  
  70  6:52  Stalker  
  74  7:05  Zealot x2  
  74  7:06  Shield Battery  
  67  7:17  Zealot  
Tags
 
Add a new tag
Caveats
  • Supply blocks, unpowered buildings, or Contaminate may cause inaccurate times.
  • Supply counts are checked every 10 seconds.